 Dungeon Crawl Stone Soup version 0.31-a0-36-g603a1083af (webtiles) character file.

Game seed: 15393065381209740443

15748 Bennjico the Blocker (level 12, -3/110 HPs)
             Began as a Minotaur Fighter on May 14, 2023.
             Was a High Priest of Okawaru.
             Slain by a slime creature (12 damage)
             ... on level 12 of the Dungeon.
             The game lasted 00:19:33 (12364 turns).

Bennjico the Blocker (Minotaur Fighter)            Turns: 12364, Time: 00:19:33

Health: -3/110     AC: 12    Str: 25    XL:     12   Next: 4%
Magic:  11/11      EV: 14    Int:  8    God:    Okawaru [*****.]
Gold:   1006       SH: 11    Dex: 12    Spells: 11/11 levels left

rFire   + . .        a - +4 war axe
rCold   + . .        c - +0 buckler
rNeg    . . .        b - +0 scale mail
rPois   .            (helmet restricted)
rElec   .            E - scarf {rC+ rF+}
rCorr   .            f - +2 pair of gloves
SInv    .            (no boots)
Will    .....        D - amulet of reflection Stlth
                     (no ring)
HPRegen 0.38/turn    (no ring)
MPRegen 0.12/turn

%: reflection
@: no status effects
A: horns 2, retaliatory headbutt, agile 1, clever 1, MP-powered wands
a: Renounce Religion, Heroism, Finesse, Duel


You were on level 12 of the Dungeon.
You worshipped Okawaru.
Okawaru was extremely pleased with you.
You visited 2 branches of the dungeon, and saw 13 of its levels.
You also visited: Sewer and Ossuary.

You collected 1006 gold pieces.

Inventory:

Hand Weapons
 a - a +4 war axe (weapon)
 u - a +0 broad axe
Armour
 b - a +0 scale mail (worn)
 c - a +0 buckler (worn)
 f - a +2 pair of gloves (worn)
 E - a scarf of resistance (worn)
Jewellery
 p - a ring of fire
 v - an amulet of the acrobat
 D - an amulet of reflection (around neck)
Wands
 k - a wand of flame (34)
 m - a wand of paralysis (10)
 t - a wand of roots (37)
 x - a wand of digging (7)
 B - a wand of mindburst (5)
Scrolls
 e - a scroll of fear
 l - a scroll of blinking
 n - a scroll of silence
 o - 5 scrolls of teleportation
 s - 3 scrolls of magic mapping
 y - 2 scrolls of fog
Potions
 d - 3 potions of might
 g - 3 potions of lignification
 h - 2 potions of haste
 i - 3 potions of flight
 j - a potion of magic
 q - 2 potions of berserk rage
 r - a potion of curing
 w - 2 potions of attraction
 z - a potion of mutation
 A - 3 potions of ambrosia
 C - a potion of heal wounds


   Skills:
 + Level 11.2 Fighting
 + Level 10.9 Axes
 + Level 11.1 Armour
 + Level 9.7 Dodging
 + Level 11.3 Shields


You had 11 spell levels left.
You didn't know any spells.
Your spell library contained the following spells:

 Spells                   Type           Power      Damage    Failure   Level
 Apportation              Tloc           0%         N/A       67%         1
 Magic Dart               Conj           0%         1d3       67%         1
 Necrotise                Necr           0%         1d4       67%         1
 Sting                    Tmut/Pois      0%         1d3       67%         1
 Cigotuvi's Dreadful Rot  Necr/Pois/Air  0%         N/A       82%         2
 Poisonous Vapours        Pois/Air       0%         N/A       82%         2
 Static Discharge         Conj/Air       0%         2-2/arc   82%         2
 Gell's Gravitas          Tloc           0%         N/A       96%         3
 Ignite Poison            Fire/Tmut/Pois 0%         N/A       96%         3
 Mephitic Cloud           Conj/Pois/Air  0%         N/A       96%         3
 Portal Projectile        Hex/Tloc       0%         N/A       96%         3
 Teleport Other           Tloc           0%         N/A       96%         3
 Airstrike                Air            0%         2d(0-16)  100%        4
 Leda's Liquefaction      Hex/Erth       0%         N/A       100%        4
 Olgreb's Toxic Radiance  Pois           0%         N/A       100%        4
 Freezing Cloud           Conj/Ice/Air   0%         6-21      100%        5
 Dispersal                Tloc           0%         N/A       100%        6
 Summon Small Mammal      Summ           Unusable   N/A       N/A         1
 Call Imp                 Summ           Unusable   N/A       N/A         2
 Call Canine Familiar     Summ           Unusable   N/A       N/A         3
 Summon Guardian Golem    Hex/Summ       Unusable   N/A       N/A         3
 Summon Lightning Spire   Summ/Air       Unusable   N/A       N/A         4

Dungeon Overview and Level Annotations

Branches:
Dungeon (12/15)            Temple (1/1) D:7            Lair (0/5) D:11
    Orc (0/2) D:10          Sewer (visited)         Ossuary (visited)

Altars:
Ashenzari
Cheibriados
Dithmenos
Makhleb
Nemelex Xobeh
Okawaru
Trog
Uskayaw
Vehumet
Wu Jian
Xom
Yredelemnul
The Shining One


Innate Abilities, Weirdness & Mutations

You have a pair of horns on your head.
You reflexively headbutt those who attack you in melee.
You are agile. (Dex +4, Str/Int -1)
Your mind is acute. (Int +4, Str/Dex -1)
You expend magic power (3 MP) to strengthen your wands.


Message History

The slime creature hits you! You block the slime creature's attack.
The slime creature hits you!
* * * LOW HITPOINT WARNING * * *
You block the slime creature's attack.
You slash the slime creature!
The slime creature is severely wounded.
You hit the slime creature. You slash the slime creature! x2
The slime creature hits you!
* * * LOW HITPOINT WARNING * * *
You block the slime creature's attack. The slime creature hits you!
* * * LOW HITPOINT WARNING * * *
The slime creature hits you but does no damage.
Unknown command.
You barely miss the slime creature.
The slime creature is severely wounded.
You hit the slime creature. x2; You barely miss the slime creature.
You block the slime creature's attack. The slime creature hits you.
* * * LOW HITPOINT WARNING * * *
The slime creature closely misses you. You furiously retaliate!
You headbutt the slime creature. The slime creature closely misses you.
You slash the slime creature!
The slime creature is severely wounded.
You barely miss the slime creature. You slash the slime creature!
You hit the slime creature.
The slime creature hits you but does no damage.
You block the slime creature's attack.
Unknown command.
You barely miss the slime creature. You headbutt the slime creature.
You kill the slime creature!
Okawaru accepts your kill.
You slash the slime creature!
You kill the slime creature!
Okawaru accepts your kill.
You slash the slime creature! x2
You kill the slime creature!
Okawaru accepts your kill. Okawaru grants you a weapon!
Something appears at your feet!
You see here a +1 hand axe of freezing.
The slime creature hits you!
You die...

..# .## .# ############
.######## #...........
........# +...........
........#.# #.....$.....
..<.......# #...........
........### #....J......
###.##### #$..@....... #.##
#........... #..# ####'#######
####'#### #......# ........#
######.# ........# #.#
.....<..# ######.###
........### #........#
........'.######........#####.+


You could see a slime creature.

Vanquished Creatures
  A boulder beetle (D:11)
  3 two-headed ogres
  Amaemon (D:10)
  An ugly thing (D:12)
  A cyclops (D:10)
  An orange demon (D:10)
  A gargoyle (D:11)
  Maggie (D:10)
  3 unseen horror zombies (D:9)
  3 unseen horrors
  Psyche (D:9)
  2 kobold demonologists
  3 trolls
  Prince Ribbit (D:6)
  4 slime creatures (D:12)
  2 wyverns
  A wraith (D:9)
  A shadow (D:11)
  8 yaks
  3 vampire mosquitoes (D:10)
  4 acid dragons
  5 water moccasins
  4 black bears
  2 sky beasts (D:7)
  8 orc warriors
  An ice beast (D:7)
  2 ogres (D:6)
  5 centaurs
  7 kobold brigands
  Blork the orc (D:6)
  A gnoll sergeant (D:6)
  2 bullfrogs (D:7)
  3 scorpions
  3 wights (D:7)
  4 killer bees (D:10)
  3 howler monkeys
  A hound (D:5)
  3 centaur zombies (D:9)
  2 jellies
  9 orc priests
  3 sleepcaps
  5 iguanas
  Ijyb (D:4)
  13 orc wizards
  3 mummies
  4 howler monkey zombies (D:9)
  9 gnolls
  14 adders
  8 river rats
  A shadow imp (D:7)
  A white imp (D:5)
  2 ufetubi (D:6)
  8 worms
  3 dart slugs
  34 orcs
  3 endoplasms
  A giant cockroach (D:1)
  3 gnoll zombies (Ossuary)
  5 hobgoblins
  3 jackals (D:4)
  44 kobolds
  3 quokkas (D:3)
  8 ball pythons
  7 bats
  5 frilled lizards
  20 goblins
  3 goblin zombies (Ossuary)
  3 hobgoblin zombies (Ossuary)
  5 orc zombies (Ossuary)
  31 rats
365 creatures vanquished.

Notes
Turn   | Place    | Note
-------+----------+-------------------------------------------
     0 | D:1      | Bennjico the Minotaur Fighter began the quest for the Orb.
     0 | D:1      | Reached XP level 1. HP: 19/19 MP: 0/0
   354 | D:1      | Reached XP level 2. HP: 22/27 MP: 1/1
   659 | D:2      | Reached skill level 1 in Dodging
   659 | D:2      | Reached XP level 3. HP: 27/33 MP: 2/2
  1041 | D:2      | Reached XP level 4. HP: 40/40 MP: 3/3
  1768 | D:3      | Reached XP level 5. HP: 47/47 MP: 4/4
  2001 | D:4      | Found a glowing drain.
  2010 | Sewer    | Entered a sewer
  2187 | Sewer    | Reached XP level 6. HP: 46/55 MP: 5/5
  2261 | Sewer    | Reached skill level 5 in Shields
  2266 | Sewer    | Reached skill level 5 in Fighting
  2354 | Sewer    | Reached skill level 5 in Armour
  2794 | D:4      | Found a bloodstained altar of Trog.
  2801 | D:4      | Reached XP level 7. HP: 56/61 MP: 6/6
  3548 | D:4      | Noticed Ijyb
  3571 | D:4      | Paralysed by Ijyb for 5 turns
  3576 | D:4      | Killed Ijyb
  3646 | D:5      | Entered Level 5 of the Dungeon
  3681 | D:5      | Reached skill level 5 in Axes
  3968 | D:5      | Reached XP level 8. HP: 70/70 MP: 7/7
  4130 | D:5      | Found a burning altar of Makhleb.
  4837 | D:6      | Reached skill level 5 in Dodging
  5122 | D:6      | Noticed Blork the orc
  5130 | D:6      | Killed Blork the orc
  5326 | D:6      | Reached XP level 9. HP: 75/79 MP: 8/8
  5357 | D:6      | Found a snail-covered altar of Cheibriados.
  5360 | D:6      | Found a shimmering altar of Xom.
  5361 | D:6      | Found a shadowy altar of Dithmenos.
  5362 | D:6      | Found a broken altar of Ashenzari.
  5490 | D:6      | Noticed Prince Ribbit
  5507 | D:6      | Killed Prince Ribbit
  6161 | D:7      | Found a sand-covered staircase.
  6171 | Ossuary  | Entered an ossuary
  6597 | D:7      | Found a staircase to the Ecumenical Temple.
  6615 | Temple   | Entered the Ecumenical Temple
  6622 | Temple   | Became a worshipper of Warmaster Okawaru
  7195 | D:8      | Identified the +8 halberd of Huesasic {pain, rN+ Str+3}
  7205 | D:8      | Reached * piety under Okawaru
  7603 | D:8      | Reached XP level 10. HP: 27/90 MP: 9/9
  7917 | D:8      | Found a glowing golden altar of the Shining One.
  8102 | D:9      | Noticed Psyche
  8120 | D:9      | Killed Psyche
  8389 | D:9      | Found a basalt altar of Yredelemnul.
  8417 | D:9      | Reached ** piety under Okawaru
  8546 | D:9      | Identified the +6 plate armour of Jigsaw {+Blink rF- rC-
                  | Str+3}
  8832 | D:9      | Noticed a two-headed ogre
  8855 | D:9      | Killed a two-headed ogre
  9544 | D:9      | Found an ornate altar of the Wu Jian Council.
  9643 | D:10     | Entered Level 10 of the Dungeon
  9662 | D:10     | Reached *** piety under Okawaru
  9714 | D:10     | Noticed a cyclops
  9722 | D:10     | Killed a cyclops
  9725 | D:10     | Reached XP level 11. HP: 9/99 MP: 10/10
 10003 | D:10     | Found a hide-covered altar of Uskayaw.
 10009 | D:10     | Noticed Maggie
 10021 | D:10     | Killed Maggie
 10022 | D:10     | Reached skill level 10 in Fighting
 10022 | D:10     | Reached skill level 10 in Shields
 10212 | D:10     | Reached skill level 10 in Armour
 10247 | D:10     | Found a staircase to the Orcish Mines.
 10266 | D:10     | Noticed Amaemon
 10276 | D:10     | Killed Amaemon
 10276 | D:10     | Reached **** piety under Okawaru
 10469 | D:10     | Gained mutation: You are agile. (Dex +4, Str/Int -1)
                  | [potion of mutation]
 10469 | D:10     | Gained mutation: You expend magic power (3 MP) to
                  | strengthen your wands. [potion of mutation]
 10469 | D:10     | Gained mutation: Your mind is acute. (Int +4, Str/Dex -1)
                  | [potion of mutation]
 10486 | D:10     | Reached skill level 10 in Axes
 11123 | D:11     | Noticed a boulder beetle
 11156 | D:11     | Killed a boulder beetle
 11156 | D:11     | Reached ***** piety under Okawaru
 11298 | D:11     | Found a radiant altar of Vehumet.
 11546 | D:11     | Found a staircase to the Lair.
 11815 | D:11     | Found an iron altar of Okawaru.
 12017 | D:12     | Noticed a two-headed ogre
 12031 | D:12     | Killed a two-headed ogre
 12138 | D:12     | Noticed a two-headed ogre
 12143 | D:12     | Killed a two-headed ogre
 12278 | D:12     | Noticed a red ugly thing
 12286 | D:12     | Killed a red ugly thing
 12287 | D:12     | Reached XP level 12. HP: 110/110 MP: 11/11
 12364 | D:12     | Received a gift from Okawaru
 12364 | D:12     | Slain by a slime creature

Illustrated notes

Levels and vault maps discovered:
D:1:      amcnicky_arrival_feature_with_door, layout_basic
D:2:      cheibrodos_greedy_goblins, layout_basic
D:3:      layout_loops_ring
D:4:      kennysheep_goblin_castle, layout_layer_cave, trog_ov_bears_minmay,
          lightli_sewer_entry_pipes
D:5:      layout_loops_ring, bloody_makhleb, kennysheep_dice
D:6:      layout_loops_corners, mainiacjoe_overflow_alcove_3,
          uniq_blork_the_orc, uniq_prince_ribbit1
D:7:      layout_loops_ring, minmay_temple_entry_wispy,
          gup_ossuary_entry_pyramid
D:8:      layout_rooms, mainiacjoe_overflow_six_doors_small, kennysheep_nub
D:9:      layout_long_grid, pdpol_wu_jian_five_deadly_venoms,
          nicolae_yredelemnul_corpse_copse, uniq_psyche
D:10:     layout_roguey, eat_drink_and_be_merry_uskayaw, david_orc_1_choice,
          uniq_maggie, uniq_amaemon
D:11:     layout_irregular_city, lair_entry_dummy, hangedman_feature_mirror
D:12:     layout_roguey
Temple:   nicolae_temple_hex_pool

Skill      XL: |  1  2  3  4  5  6  7  8  9 10 11 |
---------------+----------------------------------+-----
Fighting       | 4 5 6 7 8 9 11 | 11.2
Axes           | 3 4 5 6 8 9 10 | 10.9
Armour         | 4 5 6 7 8 9 11 | 11.1
Dodging        | 1 2 3 4 5 6 8 9 |  9.7
Shields        | 4 5 6 7 8 9 11 | 11.3

Action                     |  1- 3 |  4- 6 |  7- 9 | 10-12 || total
---------------------------+-------+-------+-------+-------++-------
  Melee: War axe           |    58 |   146 |   340 |   356 ||   900
         Headbutt          |     6 |    15 |    50 |    90 ||   161
  Evoke: Wand              |       |       |       |     6 ||     6
    Use: Scroll            |     7 |     7 |    11 |     6 ||    31
         Potion            |       |       |     2 |     7 ||     9
 Armour: Scale mail        |    29 |    75 |   152 |   161 ||   417
  Dodge: Dodged            |    32 |   112 |   190 |   246 ||   580
  Block: Buckler           |    11 |    41 |    94 |   141 ||   287
         Reflection        |       |       |       |     1 ||     1

Table legend: (Time is in decaauts)
 A = Elapsed time spent in this place.
 B = Non-inter-level travel time spent in this place.
 C = Inter-level travel time spent in this place.
 D = Time resting spent in this place.
 E = Time spent auto-exploring this place.
 F = Levels seen in this place.
 G = Mean time per level.
                   A        B        C        D        E       F      G
               +--------+--------+--------+--------+--------+-----+--------+
         Total |  12558 |  12309 |    249 |    245 |   9562 |  15 |  837.2 |
       Dungeon |  11593 |  11344 |    249 |    148 |   9036 |  12 |  966.1 |
        Temple |     86 |     86 |      0 |     75 |      0 |   1 |   86.0 |
         Sewer |    570 |    570 |      0 |     22 |    271 |   1 |  570.0 |
       Ossuary |    308 |    308 |      0 |      0 |    255 |   1 |  308.0 |
               +--------+--------+--------+--------+--------+-----+--------+

Top non-repeatable levels by time:
     D:6: 1400 daAuts
     D:9: 1394 daAuts
     D:4: 1375 daAuts
    D:10: 1337 daAuts
     D:8: 1054 daAuts
    D:11: 1040 daAuts
     D:7: 916 daAuts
     D:5: 889 daAuts
     D:2: 775 daAuts
   Sewer: 570 daAuts
     D:1: 537 daAuts
     D:3: 525 daAuts
    D:12: 346 daAuts
 Ossuary: 308 daAuts
  Temple: 86 daAuts
